 Dungeon Crawl Stone Soup version 0.29.1-15-g9cfb28693d (webtiles) character file.

Game seed: 6080912721606289496

12904 hawla the Thaumaturge (level 12, -15/89 HPs)
             Began as a Meteoran Fire Elementalist on Apr 27, 2023.
             Was an Elder of Vehumet.
             Demolished by an orc warrior
             ... wielding a +0 trident
              (18 damage)
             ... in a bailey.
             The game lasted 00:35:00 (6582 turns).

hawla the Thaumaturge (Meteoran Fire Elementalist)  Turns: 6582, Time: 00:35:01

Health: -15/89     AC:  6    Str:  9    XL:     12   Next: 56%
Magic:  21/28      EV: 19    Int: 20    God:    Vehumet [****..]
Gold:   118        SH:  5    Dex: 16    Spells: 22/33 levels left

rFire   + . .      SeeInvis .   l - staff of fire
rCold   + . .      Faith    .   (no shield)
rNeg    . . .      Spirit   .   G - +2 robe {rC+}
rPois   .          Reflect  +   E - +0 helmet
rElec   .          Harm     .   h - scarf {repulsion}
rCorr   .          Rampage  .   (no gloves)
Will    +....                   (no boots)
Stlth   +.........              o - amulet of reflection
HPRegen 0.24/turn               m - +4 ring of evasion
MPRegen 0.21/turn               C - ring of wizardry

@: glowing, repel missiles
A: sense surroundings 2, otherworldly, glowing, explore regen, shaggy fur 1,
weak 1
a: Renounce Religion


You were in a bailey.
You worshipped Vehumet.
Vehumet was greatly pleased with you.
You visited 2 branches of the dungeon, and saw 11 of its levels.
You also visited: Sewer, Ossuary and Bailey.

You collected 415 gold pieces.
You spent 297 gold pieces at shops.

Inventory:

Hand Weapons
 F - a +0 quarterstaff of freezing
 J - a +2 glaive of flaming
Armour
 h - a scarf of repulsion (worn)
 E - a +0 helmet (worn)
 G - a +2 robe of cold resistance (worn)
Magical Staves
 c - a staff of death
 j - a staff of conjuration
 l - a staff of fire (weapon)
 x - a staff of cold
Jewellery
 m - a +4 ring of evasion (left hand)
 o - an amulet of reflection (around neck)
 s - a ring of ice
 w - a ring of ice
 C - a ring of wizardry (right hand)
 H - an amulet of the acrobat
Wands
 t - a wand of roots (17)
 u - a wand of polymorph (12)
 y - a wand of paralysis (11)
Scrolls
 g - a scroll of teleportation
 k - a scroll of summoning
 n - 2 scrolls of fog
 q - a scroll of blinking
 v - 3 scrolls of amnesia
 B - a scroll of enchant weapon
Potions
 b - 2 potions of might
 d - 3 potions of mutation
 e - 3 potions of brilliance
 f - 2 potions of flight
 i - 2 potions of magic
 p - a potion of cancellation
 r - a potion of haste
 z - 4 potions of curing
 A - a potion of attraction
 D - 2 potions of lignification
 I - a potion of ambrosia {unknown}


   Skills:
 - Level 3.2 Fighting
 - Level 5.7(6.0) Polearms
 - Level 2.6(4.5) Staves
 - Level 6.1 Dodging
 - Level 1.4 Stealth
 - Level 11.4 Spellcasting
 - Level 8.6 Conjurations
 - Level 3.0 Necromancy
 - Level 11.1 Fire Magic
 - Level 3.0 Ice Magic
 + Level 8.9 Poison Magic
 - Level 3.0 Evocations


You had 22 spell levels left.
You knew the following spells:

 Your Spells              Type           Power      Damage    Failure   Level
a - Foxfire               Conj/Fire      100%       2x1d9     1%          1
b - Scorch                Fire           100%       2d10      1%          2
c - Flame Wave            Conj/Fire      67%        2d15      1%          4
d - Olgreb's Toxic Radia  Pois           47%        N/A       1%          4

Your spell library contained the following spells:

 Spells                   Type           Power      Damage    Failure   Level
 Sticky Flame             Conj/Fire      67%        2d8       1%          4
 Necrotise                Necr           92%        1d8       1%          1
 Sting                    Tmut/Pois      100%       1d8       1%          1
 Poisonous Vapours        Pois/Air       58%        N/A       1%          2
 Conjure Flame            Conj/Fire      67%        6-21      1%          3
 Inner Flame              Hex/Fire       50%        N/A       1%          3
 Apportation              Tloc           22%        N/A       2%          1
 Summon Small Mammal      Summ           44%        N/A       2%          1
 Gell's Gravitas          Tloc           11%        N/A       8%          3
 Lesser Beckoning         Tloc           11%        N/A       8%          3
 Teleport Other           Tloc           11%        N/A       8%          3


Dungeon Overview and Level Annotations

Branches:
Dungeon (10/15) Zot: 479   Temple (1/1) D:4 Zot: 413     Orc (0/2) D:10
  Sewer (visited)         Ossuary (visited)          Bailey (1/1) Zot: 395
   Lair: D:8-11

Altars:
Ashenzari
Cheibriados
Dithmenos
Elyvilon
Fedhas
Gozag
Hepliaklqana
Kikubaaqudgha
Makhleb
Nemelex Xobeh
Okawaru
Qazlal
Ru
Sif Muna
Trog
Uskayaw
Vehumet
Wu Jian
Xom
Yredelemnul
Zin
The Shining One

Shops:
D:10 *

Portals:
Abyss: D:5

Annotations:
D:7 exclusion: statue


Innate Abilities, Weirdness & Mutations

You passively map the area around you.
You are easily found by Zot.
You glow in the dark.
You regain HP and MP as you explore.
You are covered in fur. (AC +1)
You are weak. (Str -2)


Message History

Unknown command.
The orc knight barely misses you.
The orc warrior hits you with a +0 trident!!
The orc warrior is very cold.
The orc warrior is lightly wounded.
The orc warrior hits you but does no damage.
The orc warrior is very cold.
The orc warrior is lightly wounded.
The orc barely misses you.
There is an open door, spattered with blood here.
Really quaff the potion of mutation?
You feel extremely strange.
You feel conductive.
Your skin warms up.
You begin to regenerate regardless of the presence of monsters.
You feel weaker.
You no longer feel cold resistant.
Fur sprouts all over your body. The orc knight barely misses you.
The orc warrior closely misses you. The orc warrior barely misses you.
You block the orc's attack.
Casting: Scorch (safe; 1% risk of failure)
Confirm with . or Enter, or press ? or * to list all spells.
Casting: Flame Wave (safe; 1% risk of failure)
Press: ? - help, Dir - look around, f - activate You feel a surge of power!
A wave of flame ripples out!
The flame wave engulfs the orc warrior!
The orc warrior is heavily wounded.
The flame wave engulfs the orc warrior.
The orc warrior is moderately wounded.
The flame wave engulfs the orc!!
You kill the orc!
Vehumet accepts your kill.
You feel your power returning. (Press . to intensify the flame waves.)
The orc knight hits you from afar with a +0 glaive!!
* * * LOW HITPOINT WARNING * * *
The orc warrior barely misses you. x2
You feel better. The orc knight misses you.
The orc warrior hits you with a +0 spear.
* * * LOW HITPOINT WARNING * * *
The orc warrior hits you with a +0 trident!!
You die...

...≈≈.≈≈≈...#########...≈≈≈)≈≈)..
...........##.......##...........
..........##..#'#'#..##..........
..........#..##)#)##..#..........
........)##.#########.##.........
.........##.')#[.?#)'.##.........
........)##.###.o.###.##.........
.........##.v)#oo)#.'.##.........
.........##.####@####.##.........
..........#..##∩[∩##.)##.........
....).....##..#'''##.............
...........##.....##.............
...≈≈.≈≈≈...##....##....≈≈≈.≈≈...
..≈≈#.##≈....#######....≈##.#≈≈..
..≈##.∩#≈...............≈#∩.##≈..
..≈#....................)))..#≈..
..≈##.##≈...............≈##.##≈..


You could see an orc knight and 2 orc warriors.

Vanquished Creatures
  Fannar (D:10)
  Erica (D:10)
  A deep elf pyromancer (D:10)
  A cyclops (D:8)
  Joseph (D:10)
  A komodo dragon (D:9)
  A troll (D:10)
  Grinder (D:3)
  The ghost of Kelyas the Conjurer, an amateur DsCj (D:5)
  12 yaks
  A shadow (D:10)
  Eustachio (D:6)
  2 acid dragons
  A water moccasin (D:6)
  Duvessa (D:5)
  13 orc warriors
  A black bear (D:7)
  3 sky beasts (D:7)
  3 ice beasts
  5 centaurs
  4 phantoms
  A kobold brigand (Sewer)
  3 necrophages
  6 bullfrogs
  2 scorpions
  4 water moccasin zombies (Ossuary)
  5 wights (D:8)
  Dowan (D:5)
  2 troll zombies (D:10)
  A killer bee (D:8)
  A howler monkey (D:7)
  An electric eel (D:8)
  5 crimson imps (D:7)
  5 hounds
  A human zombie (D:4)
  A gnoll bouda (D:5)
  9 orc priests
  5 iguanas
  12 orc wizards
  6 ogre zombies (D:10)
  2 mummies (Ossuary)
  4 gnolls (D:5)
  3 adders
  4 river rats (Sewer)
  2 shadow imps
  3 white imps
  7 adder zombies (Ossuary)
  2 worms
  2 dart slugs (D:4)
  61 orcs
  5 ball pythons
  5 bats
  10 endoplasms
  3 goblins
  3 hobgoblins
  2 jackals (D:4)
  6 kobolds
  2 quokkas
  A frilled lizard (D:1)
  5 gnoll zombies
  2 goblin skeletons (D:10)
  2 goblin zombies (D:10)
  3 hobgoblin skeletons (D:10)
  6 hobgoblin zombies
  5 kobold zombies (Ossuary)
  3 orc skeletons (D:10)
  19 orc zombies
  4 rats
303 creatures vanquished.

Vanquished Creatures (collateral kills)
  A tengu warrior (D:8)
  A two-headed ogre (D:8)
  A slime creature (D:8)
  A steam dragon (D:8)
  A sky beast (D:8)
  A wight (D:8)
  2 crimson imps (D:7)
8 creatures vanquished.

Vanquished Creatures (others)
  510 foxfires
  3 plants (D:7)
513 creatures vanquished.

Grand Total: 824 creatures vanquished

Notes
Turn   | Place    | Note
-------+----------+-------------------------------------------
     0 | D:1      | hawla the Meteoran Fire Elementalist began the quest for
                  | the Orb.
     0 | D:1      | Reached XP level 1. HP: 14/14 MP: 5/5
    42 | D:1      | Reached XP level 2. HP: 16/20 MP: 2/6
    71 | D:1      | Learned a level 2 spell: Scorch
   123 | D:2      | Found a faded altar of an unknown god.
   290 | D:3      | Noticed Grinder
   302 | D:3      | Killed Grinder
   303 | D:3      | Reached XP level 3. HP: 23/26 MP: 0/8
   303 | D:3      | Reached XP level 4. HP: 30/33 MP: 0/10
   303 | D:3      | Reached XP level 5. HP: 34/38 MP: 0/11
   303 | D:3      | Reached XP level 6. HP: 41/45 MP: 0/12
   330 | D:3      | Learned a level 4 spell: Flame Wave
   519 | D:4      | Found an ornate altar of the Wu Jian Council.
   580 | D:4      | Reached XP level 7. HP: 39/50 MP: 13/13
   724 | D:4      | Found a sand-covered staircase.
   754 | Ossuary  | Entered an ossuary
   777 | Ossuary  | Reached skill level 5 in Fire Magic
   778 | Ossuary  | Gained mutation: You are resistant to electric shocks.
                  | (rElec) [potion of mutation]
   778 | Ossuary  | Gained mutation: Your flesh is cold resistant. (rC+)
                  | [potion of mutation]
   778 | Ossuary  | Gained mutation: You do not regenerate when monsters are
                  | visible. [potion of mutation]
   778 | Ossuary  | Gained mutation: A frigid envelope surrounds you and
                  | freezes all who hurt you. [potion of mutation]
   789 | Ossuary  | Reached skill level 5 in Conjurations
   965 | Ossuary  | Reached skill level 1 in Fighting
   965 | Ossuary  | Reached skill level 1 in Staves
  1100 | Ossuary  | Reached XP level 8. HP: 38/59 MP: 5/15
  1376 | D:4      | Found a staircase to the Ecumenical Temple.
  1382 | Temple   | Entered the Ecumenical Temple
  1757 | D:5      | Entered Level 5 of the Dungeon
  1771 | D:5      | Found a glowing drain.
  1784 | Sewer    | Entered a sewer
  2063 | D:5      | Reached skill level 5 in Spellcasting
  2064 | D:5      | Found an iron altar of Okawaru.
  2129 | D:5      | Found a transporter.
  2176 | D:5      | Found a one-way gate to the infinite horrors of the Abyss.
  2180 | D:5      | Noticed Dowan
  2181 | D:5      | Gained mutation: You passively map the area around you.
                  | [Meteoran growth]
  2181 | D:5      | Reached XP level 9. HP: 64/64 MP: 11/18
  2190 | D:5      | Noticed Duvessa
  2308 | D:5      | Killed Duvessa
  2310 | D:5      | Killed Dowan
  2380 | D:5      | Found a transporter.
  2407 | D:5      | Noticed Kelyas's ghost (amateur DsCj)
  2458 | D:5      | Found a shimmering altar of Xom.
  2619 | D:5      | Killed Kelyas's ghost
  2819 | D:6      | Reached skill level 1 in Ice Magic
  2916 | D:6      | Reached skill level 1 in Polearms
  2958 | D:6      | Found a snail-covered altar of Cheibriados.
  3056 | D:6      | Noticed Eustachio
  3110 | D:6      | Killed Eustachio
  3111 | D:6      | Reached XP level 10. HP: 57/73 MP: 1/22
  3361 | D:7      | Reached skill level 5 in Polearms
  3537 | D:7      | Found a sacrificial altar of Ru.
  3537 | D:7      | Found a sparkling altar of Nemelex Xobeh.
  3545 | D:7      | Found a glowing golden altar of the Shining One.
  3547 | D:7      | Found a white marble altar of Elyvilon.
  3549 | D:7      | Found a faded altar of an unknown god.
  3658 | D:7      | Found a radiant altar of Vehumet.
  3690 | D:7      | Became a worshipper of Vehumet
  3870 | D:7      | Found a glowing silver altar of Zin.
  4333 | D:8      | Noticed a tengu warrior
  4337 | D:8      | Noticed a two-headed ogre
  4348 | D:8      | Killed a tengu warrior
  4348 | D:8      | Reached * piety under Vehumet
  4348 | D:8      | Offered knowledge of Sandblast by Vehumet.
  4349 | D:8      | Reached skill level 5 in Dodging
  4349 | D:8      | Reached XP level 11. HP: 48/80 MP: 8/25
  4353 | D:8      | Killed a two-headed ogre
  4355 | D:8      | Reached skill level 10 in Spellcasting
  4371 | D:8      | HP: 1/81 [acid dragon/splash of acid (14)]
  4444 | D:8      | Noticed a cyclops
  4450 | D:8      | Killed a cyclops
  4451 | D:8      | Reached skill level 10 in Fire Magic
  5439 | D:9      | Reached ** piety under Vehumet
  5440 | D:9      | Offered knowledge of Freeze by Vehumet.
  5787 | D:10     | Entered Level 10 of the Dungeon
  5798 | D:10     | Found a hazy altar of Hepliaklqana.
  5808 | D:10     | Found Texypn's Assorted Antiques.
  5814 | D:10     | Noticed Erica
  5824 | D:10     | Killed Erica
  5825 | D:10     | Offered knowledge of Frozen Ramparts by Vehumet.
  5835 | D:10     | Learned a level 4 spell: Olgreb's Toxic Radiance
  5843 | D:10     | Noticed Fannar
  5858 | D:10     | Killed Fannar
  5859 | D:10     | Reached XP level 12. HP: 60/89 MP: 11/28
  5920 | D:10     | Found a staircase to the Orcish Mines.
  5943 | D:10     | Reached *** piety under Vehumet
  5965 | D:10     | Bought a scroll labelled ABIVAN JOMERUE for 33 gold pieces
  5965 | D:10     | Bought a dented silver amulet for 165 gold pieces
  5965 | D:10     | Bought a potion of curing for 99 gold pieces
  6037 | D:10     | Noticed Joseph
  6046 | D:10     | Killed Joseph
  6109 | D:10     | Reached skill level 5 in Poison Magic
  6215 | D:10     | Noticed a deep elf pyromancer
  6235 | D:10     | Killed a deep elf pyromancer
  6235 | D:10     | Offered knowledge of Sticky Flame by Vehumet.
  6369 | D:10     | Found a flagged portal.
  6378 | Bailey   | Entered a bailey
  6568 | Bailey   | Reached **** piety under Vehumet
  6577 | Bailey   | Noticed an orc knight
  6580 | Bailey   | Lost mutation: You are resistant to electric shocks.
                  | (rElec) [potion of mutation]
  6580 | Bailey   | Lost mutation: A frigid envelope surrounds you and freezes
                  | all who hurt you. [potion of mutation]
  6580 | Bailey   | Lost mutation: You do not regenerate when monsters are
                  | visible. [potion of mutation]
  6580 | Bailey   | Gained mutation: You are weak. (Str -2) [potion of
                  | mutation]
  6580 | Bailey   | Lost mutation: Your flesh is cold resistant. (rC+) [potion
                  | of mutation]
  6580 | Bailey   | Gained mutation: You are covered in fur. (AC +1) [potion of
                  | mutation]
  6581 | Bailey   | HP: 4/89 [orc knight/+0 glaive (24)]
  6582 | Bailey   | Demolished by an orc warrior

Illustrated notes

Levels and vault maps discovered:
D:1:      lordsloth_arrival_two_stooges, layout_basic
D:2:      layout_basic, ebering_ecumenical_altar_webs
D:3:      layout_rooms, minmay_gold_behind_fungi, grunt_ministairs_8,
          kennysheep_boxes, uniq_jessica, uniq_grinder
D:4:      layout_loops_cross, nicolae_wu_jian_immortal_techniques,
          minmay_temple_entry_ruins, enter_ossuary_3
D:5:      layout_basic, lemuel_tele_altar, okawaru_trees_2,
          gammafunk_ghost_abyssal_escape, cheibrodos_sewer_entry_sluice,
          uniq_duvessa
D:6:      layout_loops_ring, mainiacjoe_overflow_alcove_2, uniq_eustachio
D:7:      wad_pebble_path, layout_basic, vehumet_statue,
          chequers_temple_overflow_minitemple, lemuel_doored_altar,
          serial_bayou_pond_c, minmay_nine_imps
D:8:      cheibrodos_helix_gallery, layout_basic, st_stairs_7,
          minmay_pinched_square
D:9:      layout_long_grid
D:10:     kennysheep_spiral_hall, layout_loops_cross,
          nicolae_overflow_hidden_temple, zombieorc2_lemuel, serial_shops, shop,
          enter_bailey_4, minmay_misc_feat_five,
          hangedman_abyss_or_decor_stagger, palyth_stone_intersect, uniq_erica,
          uniq_joseph, uniq_fannar
Temple:   bh_familiar_temple
Bailey:   bailey_polearm_2, bailey

Skill      XL: |  1  2  3  4  5  6  7  8  9 10 11 12 |
---------------+-------------------------------------+-----
Fire Magic     | 4 5 6 7 9 11 | 11.1
Necromancy     | 3 |  3.0
Evocations     | 3 |  3.0
Dodging        | 3 5 6 |  6.1
Spellcasting   | 3 4 5 7 9 11 | 11.4
Conjurations   | 4 5 6 7 8 |  8.6
Fighting       | 1 2 3 |  3.2
Staves         | 1 2 |  2.6
Ice Magic      | 3 |  3.0
Polearms       | 3 5 |  5.7
Poison Magic   | 3 8 |  8.9
Stealth        | |  1.4

Action                   |  1- 3 |  4- 6 |  7- 9 | 10-12 || total
-------------------------+-------+-------+-------+-------++-------
Melee: Unarmed           |     6 |       |       |       ||     6
       Staff             |     1 |    11 |    57 |    47 ||   116
       Punch             |       |       |     1 |       ||     1
       Glaive            |       |       |       |    18 ||    18
 Cast: Foxfire           |    25 |    17 |   147 |   115 ||   304
       Scorch            |       |     7 |    36 |    74 ||   117
       Flame Wave        |       |     2 |    16 |    30 ||    48
  Use: Potion            |       |     3 |     7 |     3 ||    13
       Scroll            |       |     1 |     3 |    18 ||    22
Armor: Robe              |     3 |     1 |    13 |    16 ||    33
       Skin              |       |    13 |       |       ||    13
Dodge: Dodged            |     2 |     8 |    78 |   169 ||   257
       Repelled          |       |       |     3 |     5 ||     8
Block: Other             |       |       |     5 |    45 ||    50
       Reflection        |       |       |       |    12 ||    12
